 Dungeon Crawl Stone Soup version 0.29.1-13-g9f3cf754e1 (webtiles) character file.

Game seed: 4061866339973148668

12 cheesebisquit the Trooper (level 2, 27/27 HPs)
             Began as a Minotaur Berserker on Jan 21, 2023.
             Was a Follower of Trog.
             Quit the game on level 1 of the Dungeon.
             The game lasted 00:01:26 (348 turns).

cheesebisquit the Trooper (Minotaur Berserker)       Turns: 348, Time: 00:01:27

Health: 27/27      AC:  5    Str: 21    XL:     2   Next: 20%
Magic:  1/1        EV: 12    Int:  4    God:    Trog [*.....]
Gold:   0          SH:  0    Dex:  9    Spells: 1/1 levels left

rFire   . . .      SeeInvis .   a - +0 hand axe
rCold   . . .      Faith    .   (no shield)
rNeg    . . .      Spirit   .   b - +0 animal skin
rPois   .          Reflect  .   (helmet restricted)
rElec   .          Harm     .   (no cloak)
rCorr   .          Rampage  .   (no gloves)
Will    .....                   e - +2 pair of boots
Stlth   +.........              (no amulet)
HPRegen 0.09/turn               (no ring)
MPRegen 0.07/turn               (no ring)

@: no status effects
A: horns 2, retaliatory headbutt
a: Renounce Religion, Berserk


You were on level 1 of the Dungeon.
You worshipped Trog.
Trog was aware of your devotion.
You visited 1 branch of the dungeon, and saw 1 of its levels.

Inventory:

Hand Weapons
 a - a +0 hand axe (weapon)
Missiles
 d - 3 poisoned darts (quivered)
Armour
 b - a +0 animal skin (worn)
 e - a +2 pair of boots (worn)
Scrolls
 c - a scroll of vulnerability {unknown}
 h - a scroll of enchant weapon {unknown}
Potions
 f - a potion of attraction {unknown}
 g - a potion of degeneration {unknown}


   Skills:
 + Level 3.9 Fighting
 + Level 3.9 Axes
 + Level 2.8 Armour
 - Level 2.2 Dodging


You had one spell level left.
You didn't know any spells.
Your spell library was empty.

Dungeon Overview and Level Annotations

Branches:
Dungeon (1/15)

Altars:


Innate Abilities, Weirdness & Mutations

You have a pair of horns on your head.
You reflexively headbutt those who attack you in melee.


Message History

The bat hits you but does no damage. The bat barely misses you.
You furiously retaliate!
You headbutt the bat!
You kill the bat!
Trog accepts your kill.
You have reached level 2!
A hobgoblin comes into view.
The hobgoblin shouts!
A giant cockroach comes into view.
The hobgoblin hits you but does no damage.
You closely miss the hobgoblin. You headbutt the hobgoblin.
You kill the hobgoblin!
Trog accepts your kill.
You see here a hobgoblin corpse.
You closely miss the giant cockroach.
Your headbutt misses the giant cockroach.
The giant cockroach barely misses you. The giant cockroach closely misses you.
You hit the giant cockroach.
The giant cockroach is moderately wounded.
The giant cockroach closely misses you.
You hit the giant cockroach but do no damage.
The giant cockroach is moderately wounded.
The giant cockroach completely misses you.
You furiously retaliate!
You headbutt the giant cockroach!
You kill the giant cockroach!
Trog accepts your kill.
You see here a giant cockroach corpse.
g - a fuming pink potion
There are no items here.
A hobgoblin comes into view.
The hobgoblin shouts!
The hobgoblin closely misses you.
You barely miss the hobgoblin. The hobgoblin misses you.
You closely miss the hobgoblin. The hobgoblin hits you.
You completely miss the hobgoblin. You headbutt the hobgoblin.
You kill the hobgoblin!
Trog accepts your kill.
h - a scroll labelled YTZOEC YFEUW
Found a ring mail.
You see here a +0 ring mail.
Are you sure you want to abandon this character and quit the game? (Confirm with "yes".)

...###..#####
............#
...#.######.# ...#.....
#.# .†....... #.###
†.........#.#..
..........#.#.#
..........#.#$#########.
.#........#.#...@.......
.#...#### #.#.##########
.#..... ##.#.# .####...
+....####### .# ...
##.......... .####
#...#.######
#...#........#.#
#...###.#......#
)...###.........


There were no monsters in sight!

Vanquished Creatures
  2 ball pythons (D:1)
  2 giant cockroaches (D:1)
  4 hobgoblins (D:1)
  A bat (D:1)
  A goblin (D:1)
10 creatures vanquished.

Notes
Turn   | Place    | Note
-------+----------+-------------------------------------------
     0 | D:1      | cheesebisquit the Minotaur Berserker began the quest for
                  | the Orb.
     0 | D:1      | Reached XP level 1. HP: 19/19 MP: 0/0
   280 | D:1      | Reached XP level 2. HP: 27/27 MP: 1/1
   348 | D:1      | Quit the game

Illustrated notes

Levels and vault maps discovered:
D:1:      eino_arrival_water_star, layout_basic

Action                   || total
-------------------------++-------
Melee: Hand axe          ||    22
       Headbutt          ||     2
Armor: Animal skin       ||     8
Dodge: Dodged            ||    13
